[Event "*** Titled Tuesday Blitz"]
[Site "Chess.com"]
[Date "2020.05.05"]
[Round "8"]
[White "lupta_robin"]
[Black "GuerrieroFromLevant"]
[Result "1-0"]
[WhiteElo "2512"]
[BlackElo "2373"]
[TimeControl "180+1"]
[EndTime "11:33:07 PDT"]
[Termination "lupta_robin won by resignation"]

1. e4 e6 2. d4 d5 3. Nc3 Nf6 4.
e5 Nfd7 5. f4 c5 6. Nf3 Nc6 7. Be3 a6 8. Qd2 b5 9. dxc5 Bxc5 10. Bf2 Qb6 11. Bd3 h6 12. O-O O-O 13. a3 Bxf2+ 14. Qxf2 Qxf2+ 15. Kxf2 b4 16. Na4 Rb8 17.
Ke3 a5 18. axb4 axb4 19. b3 f6 20. Nd4 Nxd4 21. Kxd4 Bb7 22. g3 Bc6 23. Nc5 Nxc5 24. Kxc5 Bd7 25. Ra7 Rfc8+ 26. Kd4 Bb5 27. exf6 gxf6 28.
Re1 Bxd3 29. cxd3 Rb6 30. Re7 Rcc6 31. Ra1 Kf8 32. Rh7 Kg8 33. Raa7 Ra6 34. Rab7 Rab6 35. Rbd7 Rd6 36. Rhg7+ Kh8 37. Rh7+ Kg8 38. Rdg7+ Kf8 39. Ra7 Kg8 40. Rhc7 Rdc6 41. Ra8+ 1-0

[Event "*** Titled Tuesday Blitz"]
[Site "Chess.com"]
[Date "2020.05.05"]
[Round "8"]
[White "Frogo47"]
[Black "svilson23"]
[Result "0-1"]
[WhiteElo "2393"]
[BlackElo "2265"]
[TimeControl "180+1"]
[EndTime "11:33:08 PDT"]
[Termination "svilson23 won by resignation"]

1. e4 c5 2. Nf3 Nc6 3. Bb5 e5 4. O-O Bd6 5. c3 Nge7 6. Re1 a6 7. Bf1 O-O 8. Na3 Bc7 9. Nc2 d5 10. exd5 Nxd5 11. g3 Bg4 12. h3 Bh5 13. Ne3 e4 14. g4 exf3 15. gxh5 Qd6 16. Ng4 Nf6 17. Qxf3 Nxg4 18.
Qg2 Nge5 19. Be2 Nd3 20. Bxd3 Qxd3 21. Re3 Qc2 22. Re1 Rae8 23. Rf1 c4 24. d4 cxd3 25.
Bh6 g6 26. Bc1 d2 0-1

[Event "*** Titled Tuesday Blitz"]
[Site "Chess.com"]
[Date "2020.05.05"]
[Round "8"]
[White "monalize"]
[Black "Stronger1799"]
[Result "0-1"]
[WhiteElo "2347"]
[BlackElo "2261"]
[TimeControl "180+1"]
[EndTime "11:33:17 PDT"]
[Termination "Stronger1799 won by resignation"]

1. e4 c5 2. Nf3 e6 3. d4 cxd4 4. Nxd4 Nf6 5. Nc3 d6 6. g4 h6 7. g5 hxg5 8. Bxg5 Be7 9. Qf3 Nc6 10. Nxc6 bxc6 11. O-O-O e5 12. Be2 Be6 13. h4 Rb8 14. b3 Qa5 15. Kb1 d5 16. Bd2 Bb4 17. exd5 cxd5 18.
Qg3 d4 19. Qxg7 Ke7 20. Bg5 Bxc3 21. Qxf6+ Kd7 22. Rd3 Rhe8 23. Rg1 Rb6 24. Bg4 Qxa2+ 0-1

[Event "*** Titled Tuesday Blitz"]
[Site "Chess.com"]
[Date "2020.05.05"]
[Round "8"]
[White "Gordima"]
[Black "Reader777"]
[Result "1-0"]
[WhiteElo "2785"]
[BlackElo "2590"]
[TimeControl "180+1"]
[EndTime "11:33:18 PDT"]
[Termination "Gordima won by checkmate"]

1. d4 Nf6 2. c4 e6 3. Nc3 Bb4 4. Qc2 O-O 5. Nf3 d6 6. Bd2 Nbd7 7. a3 Bxc3 8. Bxc3 b6 9. e4 Bb7 10. Bd3 e5 11. dxe5 dxe5 12. Nxe5 Re8 13. Nxd7 Nxe4 14. O-O-O Qg5+ 15. Kb1 Rad8 16. Rde1 Qf4 17. f3 Nxc3+ 18.
Qxc3 Rxd7 19. Rxe8# 1-0

[Event "*** Titled Tuesday Blitz"]
[Site "Chess.com"]
[Date "2020.05.05"]
[Round "8"]
[White "Danfii"]
[Black "thedjoker98"]
[Result "0-1"]
[WhiteElo "2342"]
[BlackElo "2497"]
[TimeControl "180+1"]
[EndTime "11:33:20 PDT"]
[Termination "thedjoker98 won by resignation"]

1. e4 e5 2. Nf3 Nc6 3. Bc4 Bc5 4. O-O Nf6 5. d3 O-O 6. Nbd2 d5 7. exd5 Nxd5 8. Ne4 Be7 9. Re1 f6 10. Nc3 Be6 11.
d4 Bf7 12. dxe5 Nxc3 13. Bxf7+ Rxf7 14. Qxd8+ Rxd8 15. bxc3 fxe5 16. Be3 Bf6 17. Rad1 Rfd7 18. Rxd7 Rxd7 19. Kf1 Kf7 20. Ke2 e4 21. Nd4 Bxd4 22. cxd4 Nxd4+ 23. Bxd4 Rxd4 24. c3 Ra4 25. Rd1 Rxa2+ 26.
Ke3 Ke6 27. Rd8 a5 28. Rc8 Kd6 0-1

[Event "*** Titled Tuesday Blitz"]
[Site "Chess.com"]
[Date "2020.05.05"]
[Round "8"]
[White "Angel_Hranitel_37"]
[Black "Juanovic"]
[Result "1-0"]
[WhiteElo "2378"]
[BlackElo "2187"]
[TimeControl "180+1"]
[EndTime "11:33:21 PDT"]
[Termination "Angel_Hranitel_37 won by resignation"]

1. d4 d5 2. c4 c6 3. cxd5 cxd5 4. Bg5 Nc6 5. Nc3 Nf6 6. Bxf6 gxf6 7. e3 Bg7 8. g3 h5 9. h4 Bf5 10. Bg2 e6 11.
Nge2 Qb6 12. Qb3 Qxb3 13. axb3 Nb4 14. O-O O-O 15. Nf4 Bc2 16. Ra3 Nd3 17. Nxh5 Rfc8 18. Nxg7 Kxg7 19. Na4 b5 20. Nc5 Nxb2 21. Ra2 Rxc5 22.
dxc5 Bd3 23. Rxb2 Bxf1 24. Bxf1 a5 1-0

[Event "*** Titled Tuesday Blitz"]
[Site "Chess.com"]
[Date "2020.05.05"]
[Round "8"]
[White "Chessmatus"]
[Black "louis198"]
[Result "1-0"]
[WhiteElo "2399"]
[BlackElo "2527"]
[TimeControl "180+1"]
[EndTime "11:33:22 PDT"]
[Termination "Chessmatus won by resignation"]

1. e4 e6 2. d4 d5 3. Nc3 dxe4 4.
Nxe4 Bd7 5. Nf3 Bc6 6. Bd3 Nd7 7. c3 Ngf6 8. Nxf6+ Nxf6 9. Bf4 Bd6 10. Ne5 Bxe5 11. Bxe5 Qe7 12. Qe2 O-O-O 13. O-O h5 14. b4 Rh6 15. b5 Be8 16. a4 Ng4 17. Bxg7 Rg6 18. Bxg6 fxg6 19. Be5 g5 20. a5 Nxe5 21.
dxe5 Rd5 22. c4 Rd4 23. a6 Qc5 24. axb7+ Kxb7 25. Ra4 Bg6 26. Rfa1 Re4 27. Rxa7+ Kc8 28. Ra8+ Kd7 29. Qd2+ Rd4 30. Qxg5 1-0

[Event "*** Titled Tuesday Blitz"]
[Site "Chess.com"]
[Date "2020.05.05"]
[Round "8"]
[White "silverback96"]
[Black "GiorgianBarbosa"]
[Result "0-1"]
[WhiteElo "2134"]
[BlackElo "2366"]
[TimeControl "180+1"]
[EndTime "11:33:23 PDT"]
[Termination "GiorgianBarbosa won by resignation"]

1. Nf3 Nf6 2. g3 g6 3. Bg2 Bg7 4. O-O O-O 5. d4 d5 6. b3 c6 7. c4 Bg4 8. Bb2 Nbd7 9. Nbd2 a5 10. e3 Ne4 11. h3 Nxd2 12. Qxd2 Bxf3 13. Bxf3 e6 14. Ba3 Re8 15. e4 dxc4 16. bxc4 Nb6 17.
c5 Nc4 18. Qc3 Nxa3 19. Qxa3 Qxd4 20. Rac1 Qb4 21. Qe3 Bd4 22. Qg5 Qa3 23. Kg2 Qxa2 24. h4 Bg7 25. h5 Qb2 26. Rfd1 Qe5 27. Qe3 a4 28. hxg6 hxg6 29. Rd7 a3 30. Rdd1 a2 31. Qe1 a1=Q 0-1

[Event "*** Titled Tuesday Blitz"]
[Site "Chess.com"]
[Date "2020.05.05"]
[Round "8"]
[White "mariangie523"]
[Black "Enriquack"]
[Result "1/2-1/2"]
[WhiteElo "2043"]
[BlackElo "2242"]
[TimeControl "180+1"]
[EndTime "11:33:28 PDT"]
[Termination "Game drawn by repetition"]

1. e4 c5 2. Nf3 e6 3. d4 cxd4 4. Nxd4 Nc6 5. c4 Nf6 6. Nc3 Bb4 7. Nxc6 dxc6 8. Qxd8+ Kxd8 9. Bg5 Bxc3+ 10. bxc3 h6 11. Bxf6+ gxf6 12. O-O-O+ Ke7 13. c5 b6 14. Rd6 Bd7 15.
Ba6 bxc5 16. Rhd1 Rhd8 17. f4 Rab8 18. R1d2 e5 19. f5 Be8 20. Rxd8 Rxd8 21. Rb2 Kd6 22. Rb7 Rd7 23. Rb8 Ke7 24. Ra8 Rc7 25. Bc4 Rb7 26.
a3 Rc7 27. a4 Rb7 28. Kc2 Rc7 29. Kd1 Rb7 30. Kc2 Rc7 31. Kd1 Rb7 32. Kc2 1/2-1/2

[Event "*** Titled Tuesday Blitz"]
[Site "Chess.com"]
[Date "2020.05.05"]
[Round "8"]
[White "NodariousBIG"]
[Black "Gubajdullin"]
[Result "0-1"]
[WhiteElo "2705"]
[BlackElo "2572"]
[TimeControl "180+1"]
[EndTime "11:33:29 PDT"]
[Termination "Gubajdullin won by resignation"]

1. e4 c5 2. c3 d5 3. exd5 Qxd5 4. d4 g6 5. Nf3 Bg7 6. Be3 Nh6 7. c4 Qd6 8. Bxh6 Bxh6 9. d5 Qb6 10. Qb3 Qxb3 11. axb3 Na6 12. Be2 Bc1 13. O-O Bxb2 14. Ra2 Bf6 15.
Nbd2 Nb4 16. Ra3 Bb2 17. Ra4 Bd7 18. Rxb4 cxb4 19. Ne4 a5 20. Nc5 b6 21. Nd3 Bc3 22. Nde5 a4 23. Nxd7 Kxd7 24. bxa4 b3 25. Rb1 b2 26.
Bd1 Rhc8 27. Bb3 b5 28. cxb5 Bf6 29. Nd2 Rc1+ 30. Bd1 Rxa4 31. f3 Ra1 0-1

[Event "*** Titled Tuesday Blitz"]
[Site "Chess.com"]
[Date "2020.05.05"]
[Round "8"]
[White "Baby_Legs"]
[Black "Kildepiotr"]
[Result "1-0"]
[WhiteElo "2691"]
[BlackElo "2500"]
[TimeControl "180+1"]
[EndTime "11:33:29 PDT"]
[Termination "Baby_Legs won by resignation"]

1. d4 c5 2. d5 e5 3. e4 d6 4. Nc3 Be7 5. Nf3 Bg4 6. b3 a6 7. a4 Nd7 8. h3 Bxf3 9. Qxf3 Bg5 10.
Bb2 Ne7 11. h4 Bh6 12. g4 Bf4 13. Ne2 Ng6 14. h5 Nh4 15. Rxh4 Qxh4 16. Nxf4 exf4 17.
Qxf4 Qe7 18. Bxg7 Rg8 19. h6 O-O-O 20. O-O-O Rge8 21. f3 Kc7 22. g5 Rb8 23. a5 Ne5 24.
Bh3 Ng6 25. Qe3 b5 26. axb6+ Rxb6 27. Bf6 Qf8 28. Kb2 Ra8 29. Ra1 a5 30. Kc1 Qe8 31. Ra4 Rb4 32. Rxb4 axb4 33. Bf1 Ne5 34. Kd2 Ra1 35.
Be2 Nd7 36. Bxa1 1-0

[Event "*** Titled Tuesday Blitz"]
[Site "Chess.com"]
[Date "2020.05.05"]
[Round "8"]
[White "Diego_FloresQ"]
[Black "LizaSolovyova"]
[Result "1-0"]
[WhiteElo "2431"]
[BlackElo "2542"]
[TimeControl "180+1"]
[EndTime "11:33:31 PDT"]
[Termination "Diego_FloresQ won by resignation"]

1. e4 e5 2. Nf3 d6 3. d4 Qe7 4. Nc3 c6 5. Bc4 h6 6. O-O Nf6 7. h3 g5 8. Bb3 g4 9. hxg4 Bxg4 10. Qd3 Nbd7 11. Ne2 O-O-O 12. Ng3 Rg8 13. Nh4 Kb8 14. Be3 exd4 15. Qxd4 Nc5 16. Nhf5 Bxf5 17. Nxf5 Qe5 18. Bxf7 Rh8 19. Qxe5 dxe5 20. f3 b6 21. Rad1 Rc8 22. a3 a6 23. Bf2 a5 24. Bg3 Ka7 25. Bxe5 Ncd7 26. Rxd7+ Nxd7 27. Bxh8 Bc5+ 28. Bd4 1-0

[Event "*** Titled Tuesday Blitz"]
[Site "Chess.com"]
[Date "2020.05.05"]
[Round "8"]
[White "Shukh_Nikolay"]
[Black "pgradalski"]
[Result "1-0"]
[WhiteElo "2508"]
[BlackElo "2199"]
[TimeControl "180+1"]
[EndTime "11:33:34 PDT"]
[Termination "Shukh_Nikolay won by resignation"]

1. e4 e6 2. d4 d5 3. Nc3 Nc6 4. Nf3 Nf6 5. e5 Nd7 6. Bb5 a6 7. Be2 f6 8. exf6 Qxf6 9. O-O Bd6 10. Be3 O-O 11. Qd2 h6 12. g3 b5 13. Nh4 g5 14.
Ng2 b4 15. Nd1 e5 16. dxe5 Ndxe5 17. f4 Nc4 18. Qxd5+ Be6 19. Qxc6 Nxe3 20. Ndxe3 Qxb2 21. Bc4 Rae8 22. Bxe6+ Rxe6 23. Qd5 1-0

[Event "*** Titled Tuesday Blitz"]
[Site "Chess.com"]
[Date "2020.05.05"]
[Round "8"]
[White "saraswathii"]
[Black "swisspower96"]
[Result "0-1"]
[WhiteElo "2340"]
[BlackElo "2608"]
[TimeControl "180+1"]
[EndTime "11:33:35 PDT"]
[Termination "swisspower96 won by resignation"]

1. e4 c5 2. Nf3 Nc6 3. d3 g6 4. g3 Bg7 5. Bg2 d6 6. O-O Nf6 7. c3 O-O 8. Qe2 Rb8 9. d4 b5 10. e5 Nd5 11. dxc5 dxe5 12. Rd1 e6 13. Nbd2 Qe7 14. Nb3 h6 15. Nfd2 f5 16. Nf1 e4 17. Ne3 Rd8 18. Nxd5 exd5 19. Bf4 Rb7 20. Rd2 Ne5 21. Bxe5 Bxe5 22. Rad1 Be6 23. f4 Bf6 24.
Na5 Qxc5+ 25. Kh1 Rbd7 26. Nb3 Qb6 27. Nd4 Bf7 28. h3 Bxd4 29. Rxd4 g5 30. fxg5 hxg5 31. Qe3 Qf6 32. Rf1 Be6 33. a3 Rf8 34. Qd2 Rff7 35. Qe2 f4 36. Qxb5 f3 37. Kg1 Qe5 0-1

[Event "*** Titled Tuesday Blitz"]
[Site "Chess.com"]
[Date "2020.05.05"]
[Round "8"]
[White "Trickov"]
[Black "PawnEatingZombie"]
[Result "1-0"]
[WhiteElo "2291"]
[BlackElo "2148"]
[TimeControl "180+1"]
[EndTime "11:33:37 PDT"]
[Termination "Trickov won by resignation"]

1. d4 d5 2. Nf3 e6 3. g3 b5 4. Bg2 Nf6 5. a4 b4 6. c4 bxc3 7. Nxc3 Be7 8. O-O O-O 9. Bf4 c6 10. Ne5 Ba6 11. Qc2 Nfd7 12. Nd3 Bf6 13. Be3 Re8 14. Rfd1 Nb6 15. Nc5 Nc4 16. Bf4 Bc8 17. b3 Nd6 18. e4 dxe4 19. N3xe4 Nxe4 20. Nxe4 Bb7 21. Nc5 Qc8 22. Rac1 Nd7 23. Nxb7 Qxb7 24. Bxc6 1-0

[Event "*** Titled Tuesday Blitz"]
[Site "Chess.com"]
[Date "2020.05.05"]
[Round "8"]
[White "OK97"]
[Black "KoustavChatterjee1"]
[Result "1-0"]
[WhiteElo "2726"]
[BlackElo "2598"]
[TimeControl "180+1"]
[EndTime "11:33:41 PDT"]
[Termination "OK97 won by resignation"]

1. e4 Nf6 2. e5 Nd5 3. d4 d6 4.
c4 Nb6 5. exd6 cxd6 6. Nc3 g6 7. Bd3 Bg7 8. Nge2 Nc6 9. Be3 O-O 10. O-O Nb4 11. b3 Nxd3 12. Qxd3 Bf5 13. Qd2 Rc8 14. Rfe1 a6 15. d5 Nd7 16. Nd4 Ne5 17. Nxf5 gxf5 18.
Bd4 Qd7 19. a4 f4 20. Qxf4 Kh8 21. Re3 Rg8 22. Rae1 Bf6 23. Rg3 Rxg3 24. hxg3 Rg8 25. Ne4 Rg4 26. Nxf6 Rxf4 27. Nxd7 Rxd4 28. Nxe5 dxe5 29.
Rxe5 1-0

[Event "*** Titled Tuesday Blitz"]
[Site "Chess.com"]
[Date "2020.05.05"]
[Round "8"]
[White "DanielMieles1985"]
[Black "diskeleven"]
[Result "1-0"]
[WhiteElo "2631"]
[BlackElo "2352"]
[TimeControl "180+1"]
[EndTime "11:33:41 PDT"]
[Termination "DanielMieles1985 won by resignation"]

1. e4 c5 2. Nf3 e6 3. d4 cxd4 4. Nxd4 a6 5. Nc3 Qc7 6. Bd3 Nf6 7. O-O d6 8. Be3 Nbd7 9. f4 g6 10. f5 e5 11. Nb3 b5 12. fxg6 hxg6 13. Qf3 Bb7 14. a4 b4 15. Nd5 Bxd5 16. exd5 Be7 17. a5 e4 18. Bxe4 Ne5 19. Qf4 Nh5 20. Qf2 f5 21.
Bf3 Rc8 22. Nd4 f4 23. Bxh5 fxe3 24. Bxg6+ Nxg6 25. Qf7+ Kd7 26. Qe6+ Ke8 27. Qxg6+ Kd7 28. Nc6 e2 29. Qe6+ Ke8 30. Qxe2 Qd7 31. Rae1 Rc7 32. Qxa6 1-0

[Event "*** Titled Tuesday Blitz"]
[Site "Chess.com"]
[Date "2020.05.05"]
[Round "8"]
[White "Angry_Twin"]
[Black "ENEASZ"]
[Result "1-0"]
[WhiteElo "2819"]
[BlackElo "2497"]
[TimeControl "180+1"]
[EndTime "11:33:42 PDT"]
[Termination "Angry_Twin won by resignation"]

1. e4 d6 2. d4 Nf6 3. Nc3 e5 4. dxe5 dxe5 5. Qxd8+ Kxd8 6. Bc4 Be6 7. Bxe6 fxe6 8. f3 Bb4 9. Nh3 Bxc3+ 10. bxc3 Nc6 11.
Ba3 h6 12. O-O-O+ Kc8 13. Nf2 b6 14. Nd3 Kb7 15. h4 Rad8 16. g4 Kc8 17. Rdg1 Rd7 18. g5 Nh5 19. gxh6 Rxh6 20. Rg5 Rf7 21. Rh3 Nf4 22.
Nxf4 Rxf4 23. h5 Rf7 24. Rhg3 Kb7 25. Kb1 a5 26. Rxg7 Rxg7 27. Rxg7 Rxh5 28. Bd6 Ka6 29.
Rxc7 Na7 30. a4 Rh1+ 31. Kb2 Rf1 32. Bxe5 Rxf3 33. Bd4 1-0

[Event "*** Titled Tuesday Blitz"]
[Site "Chess.com"]
[Date "2020.05.05"]
[Round "8"]
[White "Azoulas1"]
[Black "H3nriqueTV"]
[Result "1-0"]
[WhiteElo "1914"]
[BlackElo "2134"]
[TimeControl "180+1"]
[EndTime "11:33:42 PDT"]
[Termination "Azoulas1 won by resignation"]

1. e4 c5 2. Nf3 b6 3. d4 cxd4 4.
Nxd4 Bb7 5. Nc3 a6 6. Be3 e6 7. Be2 Qc7 8. O-O Nf6 9. Bf3 Nc6 10. Re1 Ne5 11. Bf4 Nxf3+ 12. Qxf3 e5 13. Bg3 d6 14. Nf5 g6 15. Ne3 Bg7 16. Rad1 O-O 17. Rd2 b5 18. Bh4 Nh5 19. Ned5 Qa5 20. Red1 b4 21. Ne7+ Kh8 22. Ncd5 Qxa2 23. Nf6 Nf4 24. Rxd6 Qxb2 25. Bg5 Ne6 26. Rxe6 fxe6 27. Nxg6+ hxg6 28. Qh3+ 1-0

[Event "*** Titled Tuesday Blitz"]
[Site "Chess.com"]
[Date "2020.05.05"]
[Round "8"]
[White "Al_Shima"]
[Black "SHIVACalypso"]
[Result "1-0"]
[WhiteElo "2452"]
[BlackElo "2292"]
[TimeControl "180+1"]
[EndTime "11:33:44 PDT"]
[Termination "Al_Shima won by resignation"]

1. b3 e5 2. Bb2 Nc6 3. e3 g6 4. d4 Bg7 5. Nf3 d6 6. Bb5 e4 7. Nfd2 d5 8. c4 a6 9. cxd5 Qxd5 10. Nc3 Qd7 11. Bxc6 Qxc6 12. Ndxe4 f5 13. d5 Qb6 14. Nd2 Qa5 15. Qc2 b5 16. a4 b4 17. Nb5 Bxb2 18.
Qxb2 axb5 19. Qxh8 Kf7 20. Qxh7+ Kf8 21. Qxg6 Ne7 22.
Qf6+ Ke8 23. d6 1-0

[Event "*** Titled Tuesday Blitz"]
[Site "Chess.com"]
[Date "2020.05.05"]
[Round "8"]
[White "Gyapiking"]
[Black "francyIM"]
[Result "1-0"]
[WhiteElo "2490"]
[BlackElo "2632"]
[TimeControl "180+1"]
[EndTime "11:33:46 PDT"]
[Termination "Gyapiking won by checkmate"]

1. d4 Nf6 2. Nf3 e6 3. e3 b6 4. Bd3 Bb7 5. O-O c5 6. c4 cxd4 7.
exd4 Be7 8. Nc3 O-O 9. d5 exd5 10. cxd5 d6 11. Nd4 Re8 12. Nf5 Bf8 13. Qf3 Nbd7 14. Qh3 Ne5 15. Bc2 Ng6 16. Bg5 h6 17. Be3 Nxd5 18. Nxd5 Bxd5 19. Rad1 Be6 20. Qg3 Rc8 21.
Bb1 Qf6 22. Nxd6 Bxd6 23. Rxd6 Nh4 24. Bd4 Qg5 25. Qxg5 hxg5 26. Bc3 Rcd8 27. Rxd8 Rxd8 28. a3 Bf5 29. Ba2 Ng6 30. g3 Bh3 31. Re1 Rd7 32. Bb3 Kh7 33. Rd1 Re7 34. Re1 Rd7 35. Rd1 Rc7 36.
Bc2 f5 37. Rd5 Rf7 38. f3 Kh6 39. Rd6 Kh5 40. g4+ Kh4 41. Be1# 1-0

[Event "*** Titled Tuesday Blitz"]
[Site "Chess.com"]
[Date "2020.05.05"]
[Round "8"]
[White "Kostya26"]
[Black "AnnaChessLook"]
[Result "1-0"]
[WhiteElo "2428"]
[BlackElo "2253"]
[TimeControl "180+1"]
[EndTime "11:33:47 PDT"]
[Termination "Kostya26 won by resignation"]

1. d4 Nf6 2. Nf3 g6 3. Bf4 Bg7 4. e3 O-O 5. h3 d6 6. Nbd2 Nc6 7.
Be2 e6 8. O-O Re8 9. Bh2 e5 10.
dxe5 dxe5 11. c3 Bf5 12. Nc4 Ne4 13. Qxd8 Raxd8 14. Rad1 Nd6 15. Nxd6 cxd6 16. Bc4 Be6 17. Bd5 Ne7 18. Bxe6 fxe6 19. e4 Bh6 20. Rd3 Nc8 21. Rfd1 Kf8 22. Bxe5 Ke7 23. Bg3 a6 24. Bh4+ g5 25. Nxg5 1-0

[Event "*** Titled Tuesday Blitz"]
[Site "Chess.com"]
[Date "2020.05.05"]
[Round "8"]
[White "Semen16"]
[Black "karinachess1"]
[Result "1-0"]
[WhiteElo "2343"]
[BlackElo "2466"]
[TimeControl "180+1"]
[EndTime "11:33:49 PDT"]
[Termination "Semen16 won by resignation"]

1. e4 c5 2. Nc3 Nc6 3. g3 g6 4. Bg2 Bg7 5. d3 d6 6. Nge2 e5 7. O-O Nge7 8. Be3 O-O 9. Qd2 Be6 10.
f4 f5 11. Rae1 b6 12. h3 Qd7 13. Kh2 Rae8 14. Nd5 Nd4 15. c3 Nxe2 16. Qxe2 exf4 17.
Nxf4 Bf7 18. Qd2 d5 19. exd5 Nxd5 20. Nxd5 Bxd5 21. Bf4 Bxg2 22. Kxg2 Rd8 23. Re3 Qd5+ 24. Kh2 Qxa2 25. Rfe1 Qd5 26. Bg5 Rd7 27. Re7 Qxd3 28.
Rxd7 Qf3 29. Ree7 f4 30. Rxg7+ 1-0

[Event "*** Titled Tuesday Blitz"]
[Site "Chess.com"]
[Date "2020.05.05"]
[Round "8"]
[White "ilya261991"]
[Black "Omk124"]
[Result "0-1"]
[WhiteElo "2512"]
[BlackElo "2406"]
[TimeControl "180+1"]
[EndTime "11:33:51 PDT"]
[Termination "Omk124 won by resignation"]

1. d4 Nf6 2. g3 g6 3. Bg2 Bg7 4. Nf3 O-O 5. O-O d5 6. Nbd2 a5 7. c4 dxc4 8. Nxc4 c6 9. Bf4 Be6 10. b3 Nbd7 11. Ng5 Bxc4 12. bxc4 Re8 13. e4 e5 14. dxe5 Nxe5 15. Qb3 Qe7 16. c5 Nfd7 17. Qxb7 h6 18. Nh3 Nxc5 19. Qxe7 Rxe7 20. f3 Ned3 21. Rad1 Bd4+ 22. Kh1 g5 23. Bc1 Rd7 24. Bd2 a4 25.
Be1 Rad8 26. Nf2 Bxf2 27. Rxd3 Nxd3 28. Bxf2 Nxf2+ 29. Rxf2 Rd1+ 30. Bf1 R8d2 31. Kg1 Rxf2 32. Kxf2 Rd2+ 33. Be2 Rxa2 34. Ke3 Rb2 35. f4 a3 0-1

[Event "*** Titled Tuesday Blitz"]
[Site "Chess.com"]
[Date "2020.05.05"]
[Round "8"]
[White "TheFireChess"]
[Black "Sosat98"]
[Result "1-0"]
[WhiteElo "2459"]
[BlackElo "2640"]
[TimeControl "180+1"]
[EndTime "11:33:52 PDT"]
[Termination "TheFireChess won by resignation"]

1. e4 e5 2. Nf3 Nc6 3. Bc4 d6 4. c3 g6 5. O-O Bg7 6. d4 Nge7 7.
dxe5 dxe5 8. Qxd8+ Nxd8 9. Nbd2 O-O 10. Rd1 Be6 11. Bxe6 Nxe6 12. Nc4 f6 13. Be3 Rad8 14. b4 b6 15. a4 a6 16. a5 b5 17. Nb2 f5 18. Ng5 Nxg5 19. Bxg5 Kf7 20. f3 Bf6 21. Bxf6 Kxf6 22. Nd3 Kf7 23. Nxe5+ Ke6 24. Nd3 fxe4 25. fxe4 Nc6 26. Nc5+ Ke7 27. Nxa6 Rd7 28. Rxd7+ Kxd7 29. Nc5+ Kc8 30. a6 Kb8 31. Nd7+ Ka7 32. Nxf8 Na5 33. Rxa5 c5 34. bxc5 g5 1-0

[Event "*** Titled Tuesday Blitz"]
[Site "Chess.com"]
[Date "2020.05.05"]
[Round "8"]
[White "AndriiTop"]
[Black "orkan85"]
[Result "0-1"]
[WhiteElo "2300"]
[BlackElo "2471"]
[TimeControl "180+1"]
[EndTime "11:33:58 PDT"]
[Termination "orkan85 won by checkmate"]

1. d4 Nf6 2. Bg5 d5 3. Bxf6 gxf6 4. e3 c5 5. dxc5 Qa5+ 6. Nc3 e6 7. Qd4 Nc6 8. Qxf6 Rg8 9. g3 Bg7 10. Qh4 Bxc3+ 11. Ke2 Bxb2 12. Rd1 Ne5 13. Qxh7 Qb5+ 14. Kd2 Qb4+ 15. Ke2 Qc4+ 16. Kd2 Qc3+ 17. Ke2 Rg6 18. Nh3 b6 19. Rd2 Bc1 20. Rd3 Qxc2+ 21. Ke1 Nf3# 0-1

[Event "*** Titled Tuesday Blitz"]
[Site "Chess.com"]
[Date "2020.05.05"]
[Round "8"]
[White "violetflower04"]
[Black "Kavyev_Ruslan"]
[Result "1-0"]
[WhiteElo "2221"]
[BlackElo "2483"]
[TimeControl "180+1"]
[EndTime "11:33:58 PDT"]
[Termination "violetflower04 won by resignation"]

1. e4 c5 2. Nf3 d6 3. d4 cxd4 4.
Nxd4 Nf6 5. Nc3 a6 6. Be3 e5 7. Nb3 Be6 8. Be2 Nbd7 9. O-O Be7 10. Kh1 O-O 11. f4 Qc7 12. f5 Bc4 13. Nd5 Bxd5 14. exd5 b5 15. Rc1 Nb6 16. g4 Nfxd5 17. Bxb6 Nxb6 18.
Bf3 d5 19. Qe1 Bg5 20. Rd1 Rad8 21. c3 e4 22. Bg2 Nc4 23. h4 Bf4 24. Rxd5 Rxd5 25.
Qxe4 Qd8 26. Qxf4 Qxh4+ 27. Kg1 Rd2 28. Nxd2 Nxb2 29. f6 g6 30. Nf3 g5 31. Nxh4 gxf4 32.
Nf5 Nd3 33. Nh6+ Kh8 34. Bd5 Ne5 35. Re1 Nd7 36. Nxf7+ Kg8 37. Ne5+ Kh8 38. Nxd7 1-0

[Event "*** Titled Tuesday Blitz"]
[Site "Chess.com"]
[Date "2020.05.05"]
[Round "8"]
[White "m-garcett"]
[Black "atwalcb"]
[Result "0-1"]
[WhiteElo "2040"]
[BlackElo "2238"]
[TimeControl "180+1"]
[EndTime "11:34:00 PDT"]
[Termination "atwalcb won by resignation"]

1. e4 d6 2. d4 Nf6 3. Nc3 Nbd7 4. f4 e5 5. fxe5 dxe5 6. Be3 Bb4 7. Bd3 exd4 8.
Bxd4 Nc5 9. Bxc5 Bxc5 10. Qe2 Ng4 11. Nh3 Qh4+ 12. Kd2 Qh6+ 13. Kd1 Ne3+ 14. Ke1 Bxh3 15. gxh3 Qxh3 16. Rg1 Nxc2+ 17. Bxc2 Bxg1 18. Qb5+ c6 19. Qg5 Qe3+ 20. Qxe3 Bxe3 21. Ke2 Bd4 22. Rd1 Bxc3 23. bxc3 Rd8 24. Rg1 g6 25. Bb3 Ke7 26. Rg5 f6 27. Ra5 a6 28. Ra4 Rhe8 29. Rb4 Rd7 30. Rb6 Kf8 31. Bc4 Rxe4+ 0-1

[Event "*** Titled Tuesday Blitz"]
[Site "Chess.com"]
[Date "2020.05.05"]
[Round "8"]
[White "Shota_Azaladze"]
[Black "jonaszmb"]
[Result "1-0"]
[WhiteElo "2705"]
[BlackElo "2511"]
[TimeControl "180+1"]
[EndTime "11:34:02 PDT"]
[Termination "Shota_Azaladze won by resignation"]

1. Nf3 c5 2. g3 g6 3. Bg2 Bg7 4. O-O Nc6 5. c3 d5 6. d4 cxd4 7. cxd4 Nf6 8. Ne5 O-O 9. Nc3 e6 10. Nxc6 bxc6 11. Bf4 Nd7 12. Na4 Ba6 13. Bd6 Re8 14.
Nc5 Nxc5 15. Bxc5 e5 16. dxe5 Bxe5 17. Qd2 Rb8 18. Rab1 Bd6 19. Bxa7 Rxe2 20. Qc3 Rb7 21. Bd4 c5 22. Bxc5 Rc7 23. b4 Bxc5 24. bxc5 Rxa2 25. Rfd1 Re7 26. Rxd5 Qc8 27. Rbd1 Re8 28. c6 Qc7 29. Qb3 Rae2 30. h4 Re1+ 31. Rxe1 Rxe1+ 32. Kh2 Re2 33. Rd7 Qc8 34. Qxf7+ 1-0

[Event "*** Titled Tuesday Blitz"]
[Site "Chess.com"]
[Date "2020.05.05"]
[Round "8"]
[White "Evgeny81"]
[Black "Gmedmundo"]
[Result "1-0"]
[WhiteElo "2675"]
[BlackElo "2499"]
[TimeControl "180+1"]
[EndTime "11:34:02 PDT"]
[Termination "Evgeny81 won on time"]

1. d4 Nf6 2. c4 e6 3. Nc3 Bb4 4. e3 O-O 5. Bd3 c5 6. Nf3 b6 7.
O-O Bb7 8. Na4 cxd4 9. exd4 Re8 10. a3 Bf8 11. Bf4 d6 12. Nc3 Nbd7 13. Re1 a6 14.
Rc1 Rc8 15. Bf1 g6 16. Nd2 Nh5 17. Be3 Ndf6 18. b4 e5 19. d5 Qd7 20. Bxb6 Nf4 21.
Be3 Ng4 22. Nde4 Bg7 23. c5 dxc5 24. Bxc5 Nxd5 25. Nxd5 Bxd5 26. Nd6 Bc6 27. Nxe8 1-0

[Event "*** Titled Tuesday Blitz"]
[Site "Chess.com"]
[Date "2020.05.05"]
[Round "8"]
[White "Raja3401"]
[Black "Grandmaster2B"]
[Result "0-1"]
[WhiteElo "2688"]
[BlackElo "2494"]
[TimeControl "180+1"]
[EndTime "11:34:03 PDT"]
[Termination "Grandmaster2B won by resignation"]

1. e4 c5 2. Nf3 d6 3. d4 cxd4 4. Nxd4 Nf6 5. Nc3 a6 6. Bg5 e6 7. f4 Be7 8. Qf3 Qc7 9. O-O-O Nbd7 10. g4 O-O 11. Bxf6 Nxf6 12. g5 Nd7 13. h4 b5 14. f5 Nc5 15. Qg3 b4 16. Nce2 Nxe4 17. Qf4 Nc5 18. f6 Bd8 19. fxg7 Re8 20. Bg2 Bb7 21.
Bxb7 Nxb7 22. Qf2 Rc8 23. Ng3 Nc5 24. Kb1 d5 25. g6 fxg6 26. h5 Qxg7 27. hxg6 hxg6 28.
Nh5 gxh5 29. Rdg1 Bg5 30. Rxg5 Qxg5 31. Rg1 Qxg1+ 32. Qxg1+ Kf7 33. Qg5 Rg8 34. Qxh5+ Ke7 35. b3 Rg1+ 36. Kb2 Rf8 37. Qh4+ Ke8 38. Nc6 Nd3+ 0-1